 Dungeon Crawl Stone Soup version 0.31.0-32-g396128a36d (webtiles) character file.

Game seed: 13491603940218894991

5019 PsychoBan the Basher (level 10, 0/77 HPs)
             Began as a Demonspawn Gladiator on Apr 8, 2024.
             Was an Elder of Sif Muna.
             Slain by Snorg (18 damage)
             ... on level 11 of the Dungeon.
             The game lasted 00:30:28 (4516 turns).

PsychoBan the Basher (Demonspawn Gladiator)         Turns: 4516, Time: 00:30:28

Health: 0/77       AC: 14    Str: 26    XL:     10   Next: 30%
Magic:  10/10      EV: 15    Int: 10    God:    Sif Muna [****..]
Gold:   350        SH:  4    Dex: 20    Spells: 4/9 levels left

rFire   x . .        g - +8 eveningstar "Paoxt" {freeze, rF- Str+5}
rCold   . . .        (no shield)
rNeg    . . .        m - +3 leather armour of a Billion Spines {Regen+ Str+3}
rPois   .            c - +2 helmet
rElec   .            i - +0 cloak
rCorr   +            B - +0 pair of gloves
SInv    .            (no boots)
Will    .....        k - amulet of the acrobat
Stlth   ++           j - ring of resist corrosion
HPRegen 1.12/turn    t - +6 ring of dexterity
MPRegen 0.12/turn

%: acrobat
@: no status effects
A: molten scales 2, demonic guardian 1, condensation shield, weakness stinger 1
a: Renounce Religion, Channel Magic, Forget Spell, Divine Exegesis


You were on level 11 of the Dungeon.
You worshipped Sif Muna.
Sif Muna was greatly pleased with you.
You visited 1 branch of the dungeon, and saw 12 of its levels.

You collected 350 gold pieces.

Inventory:

Hand Weapons
 a - a +0 quarterstaff
 g - the +8 eveningstar "Paoxt" (weapon) {freeze, rF- Str+5}
   (You acquired it on level 1 of the Dungeon)

   Str+5:     It affects your strength (+5).
   rF-:       It makes you vulnerable to fire.
Missiles
 d - 4 throwing nets (quivered)
 e - a javelin
Armour
 c - a +2 helmet (worn)
 i - a +0 cloak (worn)
 m - the +3 leather armour of a Billion Spines (worn) {Regen+ Str+3}
   (You found it on level 3 of the Dungeon)

   Str+3:     It affects your strength (+3).
   Regen+:    It increases your rate of health regeneration.
 B - a +0 pair of gloves (worn)
Magical Staves
 r - a staff of air
Jewellery
 b - a ring of magical power
 j - a ring of resist corrosion (left hand)
 k - an amulet of the acrobat (around neck)
 n - an amulet of regeneration
 q - an amulet of faith
 t - a +6 ring of dexterity (right hand)
 A - a ring of protection from cold
Wands
 h - a wand of paralysis (14)
 l - a wand of roots (8)
 w - a wand of polymorph (2)
 z - a wand of flame (31)
Scrolls
 f - 5 scrolls of fog
 p - 2 scrolls of teleportation
 s - a scroll of amnesia
 u - 3 scrolls of poison
 v - 4 scrolls of identify
 y - 2 scrolls of vulnerability
Potions
 x - 3 potions of enlightenment
 C - a potion of lignification


   Skills:
 + Level 6.3 Fighting
 + Level 10.0(10.3) Maces & Flails
 + Level 3.4(7.3) Staves
 + Level 1.9 Throwing
 + Level 3.6 Armour
 + Level 5.6 Dodging
 + Level 3.2 Stealth
 + Level 2.5 Shields


You had 4 spell levels left.
You knew the following spells:

 Your Spells              Type           Power      Damage    Failure   Level
a - Jinxbite              Hex            0%         N/A       54%         2
b - Stone Arrow           Conj/Erth      0%         3d7       77%         3

Your spell library contained the following spells:

 Spells                   Type           Power      Damage    Failure   Level
 Slow                     Hex            0%         N/A       38%         1
 Confusing Touch          Hex            0%         N/A       77%         3
 Sigil of Binding         Hex            0%         N/A       77%         3
 Vampiric Draining        Necr           0%         2d6       77%         3
 Animate Armour           Summ/Erth      0%         N/A       99%         4
 Animate Dead             Necr           0%         N/A       99%         4
 Summon Lightning Spire   Summ/Air       0%         N/A       99%         4
 Lee's Rapid Deconstruct  Erth           0%         3d4*      100%        5
 Yara's Violent Unravell  Hex/Alch       0%         3d3       100%        5
 Enfeeble                 Hex            0%         N/A       100%        7
 Haunt                    Necr/Summ      0%         N/A       100%        7
 Infestation              Necr           0%         N/A       100%        8
 Lehudib's Crystal Spear  Conj/Erth      0%         10d2      100%        8


Dungeon Overview and Level Annotations

Branches:
Dungeon (12/15)            Temple (0/1) D:4
   Lair: D:8-11         Orc: D:9-12

Altars:
Sif Muna
Xom

Shops:
D:4 :(:   D:11 :

Annotations:
D:11 Snorg


Innate Abilities, Weirdness & Mutations

You are mostly covered in molten scales. (AC +3)
A weak demonic guardian rushes to your aid.
A meltable shield of frost defends you. (SH +4)
You have a small tail.


Message History

You barely miss Snorg. Snorg bites you. Snorg claws you!
Snorg closely misses you.
You closely miss Snorg.
Snorg barely misses you. x2; Snorg claws you!
Snorg completely misses you. Snorg barely misses you. You block Snorg's attack.
You closely miss Snorg. You tail-slap Snorg, but do no damage. Snorg bites you.
You block Snorg's attack. Snorg claws you!
You puncture Snorg! You freeze Snorg.
Your tail-slap misses Snorg.
Snorg is lightly wounded.
Snorg closely misses you. Snorg misses you. Snorg claws you but does no damage.
You block Snorg's attack. Snorg closely misses you. Snorg claws you.
You barely miss Snorg.
Snorg is lightly wounded.
Snorg bites you. Snorg claws you!
* * * LOW HITPOINT WARNING * * *
Snorg claws you!
* * * LOW HITPOINT WARNING * * *
A demonic guardian appears!
You feel much better. You block Snorg's attack. Snorg misses you.
Snorg claws you!
* * * LOW HITPOINT WARNING * * *
Snorg completely misses you. Snorg closely misses you. Snorg misses you.
You swap places.
Your ufetubus hits Snorg. x2
Snorg closely misses your ufetubus. Snorg claws your ufetubus!
Your ufetubus dies!
Your ufetubus disappears in a puff of smoke!
Snorg shouts!
Snorg attacks as she pursues you! Snorg bites you.
* * * LOW HITPOINT WARNING * * *
Snorg completely misses you. Snorg closely misses you. Snorg misses you.
Snorg closely misses you. Snorg misses you.
There is a stone staircase leading up here.
Snorg barely misses you. Snorg claws you. Snorg claws you but does no damage.
You climb upwards.
There is a stone staircase leading down here.
You puncture Snorg! You freeze Snorg. You tail-slap Snorg!
Snorg is lightly wounded.
Snorg barely misses you. Snorg misses you. Snorg claws you!
* * * LOW HITPOINT WARNING * * *
Snorg bites you!!
You die...

############
#..........#
#.###.##...#
#.# #.##...#
#.# #.##...#
#.# #.##...#
#.# #†##.@.#
#.# #.##T..#
#.# #.##...#
#.# #.##...#
#.# #.##...#
#.# #.##...#
#.# #.##...#
#.# #.##...#
#.# #.##...#


You could see Snorg (berserk).

Vanquished Creatures
  A two-headed ogre (D:6)
  A cyclops (D:11)
  4 yaks (D:11)
  2 wraiths
  A shadow (D:9)
  A wyvern (D:10)
  4 vampire mosquitoes (D:11)
  2 orc warriors (D:9)
  A sky beast (D:6)
  2 black bears
  2 ogres (D:6)
  A centaur (D:6)
  2 bullfrogs (D:6)
  A scorpion (D:5)
  A gnoll sergeant (D:11)
  5 wights (D:7)
  10 killer bees
  A howler monkey (D:11)
  A bombardier beetle (D:4)
  2 hounds (D:6)
  4 orc priests
  2 iguanas
  A sleepcap (D:5)
  8 orc wizards
  3 gnolls (D:11)
  7 adders
  An ufetubus (D:6)
  The ghost of flammie80 the Trooper, a weakling FoMo (D:5)
  3 dart slugs
  3 ribbon worms
  25 orcs
  6 ball pythons
  5 bats
  2 endoplasms
  2 giant cockroaches
  5 hobgoblins
  5 kobolds
  4 quokkas
  2 frilled lizards
  3 goblins
  A rat (D:1)
138 creatures vanquished.

Vanquished Creatures (collateral kills)
  A killer bee (D:9)
1 creature vanquished.

Vanquished Creatures (others)
  An orc (D:8)
1 creature vanquished.

Grand Total: 140 creatures vanquished

Notes
Turn   | Place    | Note
-------+----------+-------------------------------------------
     0 | D:1      | PsychoBan the Demonspawn Gladiator began the quest for the
                  | Orb.
     0 | D:1      | Reached XP level 1. HP: 16/16 MP: 1/1
    90 | D:1      | Gained mutation: You have a small tail. [demonic ancestry]
    90 | D:1      | Reached XP level 2. HP: 22/22 MP: 2/2
   382 | D:1      | Identified a scroll of acquirement
   382 | D:1      | Acquired the +8 eveningstar "Paoxt" {freeze, rF- Str+5}
   536 | D:2      | Gained mutation: A meltable shield of frost defends you.
                  | (SH +4) [demonic ancestry]
   536 | D:2      | Reached XP level 3. HP: 26/27 MP: 3/3
   666 | D:2      | Found a faded altar of an unknown god.
   705 | D:2      | Prayed at the altar of an unknown god.
   705 | D:2      | Became a worshipper of Sif Muna the Loreminder
   705 | D:2      | Reached * piety under Sif Muna
   709 | D:2      | Learned a level 2 spell: Jinxbite
  1082 | D:3      | Reached XP level 4. HP: 32/34 MP: 4/4
  1421 | D:3      | Identified the +3 leather armour of a Billion Spines
                  | {Regen+ Str+3}
  1504 | D:3      | Reached skill level 1 in Armour
  1540 | D:4      | Noticed a black bear
  1546 | D:4      | Killed a black bear
  1547 | D:4      | Reached skill level 2 in Maces & Flails
  1547 | D:4      | Gained mutation: A weak demonic guardian rushes to your
                  | aid. [demonic ancestry]
  1547 | D:4      | Reached XP level 5. HP: 39/39 MP: 5/5
  1557 | D:4      | Found Enlasi's Book Boutique.
  1679 | D:4      | Found a staircase to the Ecumenical Temple.
  1732 | D:4      | Found Wiemuak's Book Emporium.
  1779 | D:4      | Found Jebut Ihitol's Antique Weapon Shoppe.
  1801 | D:5      | Entered Level 5 of the Dungeon
  1818 | D:5      | Found a runed translucent door.
  1821 | D:5      | Noticed flammie80's ghost (weakling FoMo)
  1827 | D:5      | Reached ** piety under Sif Muna
  1830 | D:5      | Killed flammie80's ghost
  2035 | D:5      | Reached skill level 3 in Maces & Flails
  2035 | D:5      | Gained mutation: You are partially covered in molten
                  | scales. (AC +2) [demonic ancestry]
  2035 | D:5      | Reached XP level 6. HP: 47/47 MP: 6/6
  2492 | D:6      | Reached skill level 4 in Maces & Flails
  2499 | D:6      | Gained mutation: You are mostly covered in molten scales.
                  | (AC +3) [demonic ancestry]
  2499 | D:6      | Reached XP level 7. HP: 52/52 MP: 7/7
  2529 | D:6      | Reached skill level 1 in Stealth
  2544 | D:6      | Reached skill level 5 in Maces & Flails
  2638 | D:6      | Learned a level 3 spell: Stone Arrow
  2666 | D:6      | Reached skill level 1 in Shields
  2674 | D:6      | Reached XP level 8. HP: 39/60 MP: 8/8
  2776 | D:6      | Noticed a two-headed ogre
  2782 | D:6      | Killed a two-headed ogre
  2783 | D:6      | Reached skill level 7 in Maces & Flails
  2927 | D:7      | Reached *** piety under Sif Muna
  2928 | D:7      | Reached XP level 9. HP: 63/67 MP: 9/9
  2971 | D:8      | Reached skill level 5 in Fighting
  3095 | D:8      | Noticed a deep elf pyromancer
  3109 | D:8      | Noticed a two-headed ogre
  3112 | D:8      | Noticed a troll
  3355 | D:9      | Reached skill level 8 in Maces & Flails
  3820 | D:10     | Entered Level 10 of the Dungeon
  3915 | D:10     | Reached skill level 5 in Dodging
  4119 | D:10     | Found a shimmering altar of Xom.
  4229 | D:11     | Found Tiufasm's Book Shoppe.
  4247 | D:11     | Reached skill level 9 in Maces & Flails
  4336 | D:11     | Reached **** piety under Sif Muna
  4340 | D:11     | Reached XP level 10. HP: 71/76 MP: 10/10
  4368 | D:11     | Noticed a cyclops
  4380 | D:11     | Killed a cyclops
  4394 | D:11     | Reached skill level 10 in Maces & Flails
  4499 | D:12     | Noticed a tengu warrior
  4500 | D:12     | Noticed Snorg
  4516 | D:11     | Slain by Snorg

Illustrated notes

Levels and vault maps discovered:
D:1:      dpeg_arrival_fog, layout_loops_ring
D:2:      layout_loops_ring, basic_ecumenical_altar, kennysheep_potato
D:3:      layout_basic
D:4:      minmay_spotlight, layout_cave_pools, minmay_temple_entry_overgrown,
          serial_shops, nicolae_shop_real_fake_doors,
          nicolae_shop_just_a_little_nook, shop, chequers_serial_rivers_micro_e
D:5:      layout_basic, ebering_ghost_sewer_d, fountainhead,
          kennysheep_generic_room_7
D:6:      nicolae_cairo_tiling_large, layout_basic, serial_glass,
          glass_columns_b, glass_columns_a, glass_columns_a
D:7:      layout_cave_pods, gammafunk_temple_overflow_wave
D:8:      nzn_winding_woodlands_cross [nzn_winding_woodlands_5x15_eye,
          nzn_winding_woodlands_5x15_concentric,
          nzn_winding_woodlands_5x15_split_checker,
          nzn_winding_woodlands_5x15_pathside_ponds,
          nzn_winding_woodlands_15x15_five_gardens], layout_rooms,
          pdpol_temple_overflow_zin_treasury_gozag_greed,
          nzn_wu_jian_contemplation, enter_bailey_8, nicolae_grassy_gnolls
D:9:      layout_cave_pods
D:10:     layout_stronghold, lemuel_doored_altar, nicolae_overflow_hidden_temple
D:11:     layout_long_grid, serial_shops, shop
D:12:     layout_loops_ring, orc_0_dummy, serial_shops, shop,
          nicolae_trove_entry_path_of_doom, uniq_snorg, uniq_maurice,
          uniq_frances

Skill      XL: |  1  2  3  4  5  6  7  8  9 10 |
---------------+-------------------------------+-----
Staves         | 3 |  3.4
Dodging        | 3 4 5 |  5.6
Armour         | 1 2 3 |  3.6
Maces & Flails | 2 3 4 5 7 9 10 | 10.0
Fighting       | 3 4 5 6 |  6.3
Stealth        | 1 2 3 |  3.2
Shields        | 1 2 |  2.5
Throwing       | |  1.9

Action                     |  1- 3 |  4- 6 |  7- 9 | 10-12 || total
---------------------------+-------+-------+-------+-------++-------
  Melee: Quarterstaff      |    38 |       |       |       ||    38
         Eveningstar       |    36 |    89 |   139 |    21 ||   285
         Tailslap          |     4 |     9 |    11 |     6 ||    30
         Punch             |       |       |     1 |       ||     1
    Use: Scroll            |     7 |     3 |     2 |       ||    12
         Potion            |     7 |     1 |     4 |     1 ||    13
   Stab: Sleeping          |       |     1 |     1 |       ||     2
         Invisible         |       |     1 |       |       ||     1
 Armour: Leather armour    |    35 |    45 |   165 |    23 ||   268
  Dodge: Dodged            |    52 |    54 |   219 |    28 ||   353
  Block: Other             |     4 |    15 |    36 |     4 ||    59
